 Dungeon Crawl Stone Soup version 0.18.1-50-g88ac8fd (webtiles) character file.

129 penguinsfan71 the Grave Robber (level 4, -12/30 HPs)
             Began as a Vampire Necromancer on Aug 16, 2016.
             Mangled by an ogre
             ... wielding a +0 giant club
              (31 damage)
             ... on level 3 of the Dungeon on Sept 28, 2016.
             The game lasted 00:22:42 (3330 turns).

penguinsfan71 the Grave Robber (VpNe)               Turns: 3330, Time: 00:22:42

Health: -12/30     AC:  2    Str:  7    XL:     4   Next: 88%
Magic:  1/8        EV: 13    Int: 18    God:
Gold:   127        SH:  0    Dex: 14    Spells: 2 memorised, 5 levels left

rFire  . . .     SeeInvis +     w - +0 trident
rCold  . . .     Gourm    .     l - +0 robe
rNeg   + . .     Faith    .     (no shield)
rPois  .         Spirit   .     (no helmet)
rElec  .         Dismiss  .     (no cloak)
rCorr  .         Reflect  .     (no gloves)
SustAt .         Harm     .     (no boots)
MR     .....                    (no amulet)
Stlth  +++.......               (no ring)
                                (no ring)

@: lethally poisoned (-12 -> -15), not resistant to hostile enchantments, fairly
stealthy
A: fangs 3, see invisible, unbreathing
a: Bat Form


You were on level 3 of the Dungeon.
You were not thirsty.

You visited 1 branch of the dungeon, and saw 4 of its levels.

You collected 127 gold pieces.

Inventory:

Hand Weapons
 e - a +0 club
 i - a +0 short sword
 s - a +0 spear
 t - a +0 mace
 v - a +0 hand crossbow
 w - a +0 trident (weapon)
 x - a +0 flail
Missiles
 f - 111 stones (quivered)
 n - 29 arrows
 o - 25 bolts
 q - 2 javelins
 y - 39 sling bullets
Armour
 a - a +0 robe
 h - a +0 ring mail
 j - a +0 pair of boots
 l - a +0 robe (worn)
Jewellery
 d - a cursed ring of protection from fire
Wands
 m - a wand of teleportation (3/9)
Scrolls
 p - a scroll of random uselessness {unknown}
 u - 2 scrolls of magic mapping
Potions
 c - 15 potions of blood
 g - a potion of degeneration {unknown}
 k - a potion of haste {unknown}
 r - a potion of invisibility {unknown}
Books
 b - a book of Necromancy

   Spells                             Type                      Level
   a - Pain                           Necromancy                   1
   b - Animate Skeleton               Necromancy                   1
   c - Vampiric Draining              Necromancy                   3
   d - Regeneration                   Charms/Necromancy            3
   e - Animate Dead                   Necromancy                   4
   f - Control Undead                 Necromancy                   4


   Skills:
 + Level 0.1 Fighting
 + Level 0.1 Polearms
 + Level 3.5 Dodging
 + Level 3.3 Stealth
 + Level 3.1 Spellcasting
 + Level 5.2 Necromancy


You had 5 spell levels left.
You knew the following spells:

 Your Spells              Type           Power        Failure   Level  Hunger
a - Pain                  Necr           ###.         1%          1    None
b - Vampiric Draining     Necr           ###.......   6%          3    ###....


Dungeon Overview and Level Annotations

Branches:
Dungeon (4/15)
 Temple: D:4-7

Altars:


Innate Abilities, Weirdness & Mutations

You have razor-sharp teeth.
You have supernaturally acute eyesight.
You can survive without breathing.


Message History

Aiming: Vampiric Draining
Press: ? - help, Shift-Dir - straight line, f/p - ogre
Aim: an ogre, wielding a giant club (moderately wounded)
The ogre is moderately wounded.
You feel life coursing into your body. The adder bites you.
You are poisoned.
The adder poisons you! The ogre completely misses you.
You feel sick. The adder bites you. The adder closely misses you.
You hit the adder.
The adder is moderately wounded.
The ogre misses you. The adder closely misses you.
You hit the adder.
The adder is severely wounded.
You feel sick. The adder bites you. The ogre closely misses you.
The adder barely misses you.
You closely miss the adder.
The adder is severely wounded.
The ogre hits you with a giant club!!
Ouch! That really hurt!
You die...

..##.....#####......######...#
..######## ##.##.#..........# ..#
######..##.########...# ..#
##..........## #...# ..#
##........[..^## #...# ..#
#..............# ##### .##
#..............# ##### ##
#...........O..# #.).# #
##..........@>..## #...#
#...........S..).# #...#
#####.#............#.# #...#
..................##.# #...######
######.........#####.###.........
# ##............# #..##...#.....
###..#....[.....# ##>.#...#..)..
##..##..........# ##.#...#.%...
.....#..........# #.#...#.....


You could see an ogre and an adder.

Vanquished Creatures
  An orc wizard (D:2)
  An adder (D:3)
  3 worms
  2 dart slugs (D:2)
  2 giant geckos
  5 orcs
  7 bats
  2 giant cockroaches
  4 hobgoblins
  17 jackals
  7 kobolds
  2 ball pythons
  2 giant newts (D:2)
  7 goblins
  7 rats
69 creatures vanquished.

Notes
Turn   | Place    | Note
--------------------------------------------------------------
     0 | D:1      | penguinsfan71 the Vampire Necromancer began the quest for the Orb.
     0 | D:1      | Reached XP level 1. HP: 13/13 MP: 3/3
     0 | D:1      | Upgraded the game from 0.18.1-48-g4cf74bf to 0.18.1-50-g88ac8fd
     2 | D:1      | Noticed a human
     2 | D:1      | Noticed a halfling
     4 | D:1      | Noticed a spriggan
     4 | D:1      | Noticed a centaur
     6 | D:1      | Noticed a demonspawn
     6 | D:1      | Noticed a vine stalker
     8 | D:1      | Noticed an octopode
     8 | D:1      | Noticed an ogre
    10 | D:1      | Noticed a minotaur
    10 | D:1      | Noticed a gargoyle
    12 | D:1      | Noticed a formicid
    14 | D:1      | Noticed a troll
    16 | D:1      | Noticed a dwarf
    18 | D:1      | Noticed a demigod
    18 | D:1      | Noticed a merfolk
    20 | D:1      | Noticed a draconian
    20 | D:1      | Noticed a vampire
    22 | D:1      | Noticed an elf
    22 | D:1      | Noticed a tengu
    25 | D:1      | Noticed a naga
    27 | D:1      | Noticed a felid
    27 | D:1      | Noticed a ghoul
   405 | D:1      | Reached XP level 2. HP: 17/19 MP: 0/5
  1359 | D:2      | Reached XP level 3. HP: 23/24 MP: 3/6
  1572 | D:2      | Reached skill level 5 in Necromancy
  1915 | D:2      | Learned a level 3 spell: Vampiric Draining
  2133 | D:3      | Reached XP level 4. HP: 9/30 MP: 4/7
  3318 | D:4      | Noticed an ogre
  3330 | D:3      | Mangled by an ogre

Skill      XL: |  1  2  3  4 |
---------------+-------------+-----
Necromancy     | 5 |  5.2
Dodging        | 3 |  3.5
Spellcasting   | 3 |  3.1
Fighting       | |  0.1
Polearms       | |  0.1
Stealth        | |  3.3

Action                   |  1- 3 |  4- 6 || total
-------------------------+-------+-------++-------
Melee: Short sword       |    18 |     8 ||    26
       Bite              |     9 |     3 ||    12
       Spear             |    48 |       ||    48
       Trident           |       |    10 ||    10
       Mace              |       |     4 ||     4
Throw: Stone             |     1 |       ||     1
 Cast: Pain              |    60 |    41 ||   101
       Vampiric Draining |     1 |     2 ||     3
 Abil: End Transformatio |     1 |     1 ||     2
       Bat Form          |     1 |     1 ||     2
  Use: Scroll            |     1 |     3 ||     4
       Potion            |     2 |       ||     2
 Stab: Distracted        |     1 |       ||     1
  Eat: Corpse            |     6 |     1 ||     7
Armor: Robe              |    15 |     4 ||    19
Dodge: Dodged            |    67 |    33 ||   100
